 Dungeon Crawl Stone Soup version 0.28-a0-8-g6e044cfa68 (webtiles) character file.

Game seed: 8116622089444028455

47 Blejac999 the Grave Robber (level 3, 0/24 HPs)
             Began as a Mummy Necromancer on July 24, 2021.
             Slain by an ice beast (5 damage)
             ... on level 3 of the Dungeon.
             The game lasted 00:05:32 (2564 turns).

Blejac999 the Grave Robber (Mummy Necromancer)      Turns: 2564, Time: 00:05:33

Health: 0/24       AC:  2    Str: 11    XL:     3   Next: 48%
Magic:  2/7        EV: 12    Int: 15    God:
Gold:   101        SH:  0    Dex: 12    Spells: 2/8 levels left

rFire   . . .      SeeInvis .   (no weapon)
rCold   + . .      Faith    .   (no shield)
rNeg    + + +      Spirit   .   a - +0 robe
rPois   ∞          Reflect  .   (no helmet)
rElec   .          Harm     .   (no cloak)
rCorr   .          Rampage  .   (no gloves)
Will    .....                   (no boots)
Stlth   ++........              (no amulet)
HPRegen 0.08/turn               e - ring of protection from fire
MPRegen 0.10/turn               (no ring)

@: no status effects
A: cold resistance 1, negative energy resistance 3, torment resistance 2, heat
vulnerability 1, no potions
a: no special abilities


You were on level 3 of the Dungeon.
You visited 1 branch of the dungeon, and saw 3 of its levels.

You collected 101 gold pieces.

Inventory:

Armour
 a - a +0 robe (worn)
Jewellery
 e - a ring of protection from fire (left hand)
 f - an amulet of faith
Scrolls
 b - a scroll of identify
 c - a scroll of immolation


   Skills:
 + Level 1.7 Dodging
 + Level 1.6 Stealth
 + Level 3.4 Spellcasting
 * Level 0.3 Summonings
 + Level 4.7 Necromancy


You had 2 spell levels left.
You knew the following spells:

 Your Spells              Type           Power      Damage    Failure   Level
a - Pain                  Necr           64%        1d7       2%          1
b - Vampiric Draining     Necr           8%         2d7       9%          3
c - Animate Skeleton      Necr           32%        N/A       2%          1
d - Summon Small Mammal   Summ           12%        N/A       17%         1

Your spell library contained the following spells:

 Spells                   Type           Power      Damage    Failure   Level
 Animate Dead             Necr           8%         N/A       26%         4
 Call Canine Familiar     Summ           3%         N/A       45%         3
 Summon Guardian Golem    Hex/Summ       3%         N/A       47%         3
 Agony                    Necr           16%        N/A       58%         5


Dungeon Overview and Level Annotations

Branches:
Dungeon (3/15)

Altars:
Trog

Annotations:
D:3 Grinder


Innate Abilities, Weirdness & Mutations

You are immune to poison.
Your flesh is cold resistant. (rC+)
You are immune to negative energy. (rN+++)
You are immune to unholy pain and torment.
You are vulnerable to heat. (rF-)
You do not drink.


Message History

You can't see any susceptible monsters within range! (Use Z to cast anyway.)
The rat writhes in agony.
You kill the rat!
The quokka writhes in agony!
You kill the quokka!
You can't see any susceptible monsters within range! (Use Z to cast anyway.)
You can't see any susceptible monsters within range! (Use Z to cast anyway.)
You can't see any susceptible monsters within range! (Use Z to cast anyway.)
You start resting.
Magic restored.
There is a stone staircase leading down here.
Found a leather armour.
An ice beast comes into view.
Grinder comes into view.
Grinder shouts!
The ice beast writhes in agony!
The ice beast writhes in agony.
The ice beast writhes in agony.
The ice beast writhes in agony.
The ice beast barely misses you.
The ice beast writhes in agony.
The ice beast closely misses you.
The ice beast writhes in agony.
Grinder hits you! The ice beast hits you. The ice beast freezes you.
You resist.
As you read the scroll labelled DOITIP FING, it crumbles to dust.
It is a scroll of identify.
c - a scroll of immolation Grinder hits you.
As you read the scroll labelled DERROJ XOISA, it crumbles to dust.
You feel a surge of unholy energy.
The ice beast convulses!
It was a scroll of torment.
Grinder hits you.
* * * LOW HITPOINT WARNING * * *
You hit Grinder but do no damage.
Grinder blinks!
You hit the ice beast but do no damage.
The ice beast is almost dead.
The ice beast barely misses you.
You barely miss the ice beast.
The ice beast is almost dead.
The ice beast hits you.
* * * LOW HITPOINT WARNING * * *
The ice beast freezes you. You resist.
You die...

##### #...# #...# ..#
###### #...# ..# #.....
####...# ..# #.....
#......# ..# #.....
####.##...# ..#
#...[.########....##...#
..#
#......Y@......#####.###
..## #....5##########
##.#### .<.######.....
#######......
.>.<..........
.........####
.....#######..
#######.## .....# ##.
##.# .....# #. #..# ##
.....# ## #.#####.
.....# #.#.....


You could see Grinder and an ice beast.

Vanquished Creatures
  An adder (D:2)
  A worm (D:2)
  2 dart slugs
  4 ball pythons
  An endoplasm (D:2)
  3 giant cockroaches
  2 goblins (D:1)
  2 hobgoblins
  3 jackals
  2 kobolds
  A quokka (D:3)
  4 bats
  2 frilled lizards
  3 rats
31 creatures vanquished.

Notes
Turn   | Place    | Note
-------+----------+-------------------------------------------
     0 | D:1      | Blejac999 the Mummy Necromancer began the quest for the
                  | Orb.
     0 | D:1      | Reached XP level 1. HP: 13/13 MP: 4/4
   232 | D:1      | Reached XP level 2. HP: 19/19 MP: 0/5
  1547 | D:2      | Reached XP level 3. HP: 24/24 MP: 3/7
  1788 | D:2      | Learned a level 3 spell: Vampiric Draining
  1790 | D:2      | Learned a level 1 spell: Animate Skeleton
  1792 | D:2      | Learned a level 1 spell: Summon Small Mammal
  2458 | D:3      | Found a bloodstained altar of Trog.
  2549 | D:3      | Noticed an ice beast
  2551 | D:3      | Noticed Grinder
  2564 | D:3      | Slain by an ice beast

Illustrated notes

Levels and vault maps discovered:
D:1:      minmay_arrival_up_and_down, layout_basic,
          chequers_serial_rivers_micro_e, minmay_misc_feat_ornament,
          minmay_pentomino_s2
D:2:      layout_loops_ring
D:3:      layout_rooms, mainiacjoe_overflow_catwalk_spiral, uniq_grinder

Skill      XL: |  1  2 |
---------------+-------+-----
Spellcasting   | 3 |  3.4
Dodging        | |  1.7
Stealth        | |  1.6
Summonings     | |  0.3
Necromancy     | |  4.7

Action                   || total
-------------------------++-------
Melee: Unarmed           ||     5
 Cast: Pain              ||    80
  Use: Scroll            ||     2
Armor: Robe              ||     1
Dodge: Dodged            ||    11

Table legend: (Time is in decaauts)
 A = Elapsed time spent in this place.
 B = Non-inter-level travel time spent in this place.
 C = Inter-level travel time spent in this place.
 D = Time resting spent in this place.
 E = Time spent auto-exploring this place.
 F = Levels seen in this place.
 G = Mean time per level.
                   A        B        C        D        E       F      G
               +--------+--------+--------+--------+--------+-----+--------+
         Total |   2569 |   2465 |    104 |    582 |   1524 |   3 |  856.3 |
       Dungeon |   2569 |   2465 |    104 |    582 |   1524 |   3 |  856.3 |
               +--------+--------+--------+--------+--------+-----+--------+

Top non-repeatable levels by time:
     D:1: 1334 daAuts
     D:2: 1026 daAuts
     D:3: 208 daAuts
